 Dungeon Crawl Stone Soup version 0.17-a0-1968-g88670c1 (webtiles) character file.

47 Geeful the Skirmisher (level 3, 0/24 HPs)
             Began as a Gargoyle Wanderer on Oct 4, 2015.
             Was an Initiate of Qazlal.
             Splashed by a jelly's acid (5 damage)
             ... on level 2 of the Dungeon.
             The game lasted 00:05:27 (2194 turns).

Geeful the Skirmisher (Gargoyle Wanderer)           Turns: 2194, Time: 00:05:27

Health: 0/24       AC: 11    Str: 16    XL:     3   Next: 70%
Magic:  3/3        EV: 10    Int: 11    God:    Qazlal [......]
Gold:   53         SH:  0    Dex: 10    Spells: 0 memorised, 2 levels left

rFire  + . .     SeeInvis .       - Unarmed
rCold  . . .     Clarity  .     s - +0 ring mail
rNeg   + . .     SustAt   .     (no shield)
rPois  ∞         Gourm    .     j - +0 helmet
rElec  +         Spirit   .     (no cloak)
rCorr  .         Warding  .     t - +1 pair of gloves
rMut   .         Stasis   .     (no boots)
MR     .....                    (no amulet)
Stlth  +.........               (no ring)
                                o - ring of protection from fire

@: not resistant to hostile enchantments, very unstealthy
A: negative energy resistance 1, electricity resistance, unbreathing,
petrification resistance, rot immunity, AC +3
a: Renounce Religion


You were on level 2 of the Dungeon.
You worshipped Qazlal.
Qazlal was noncommittal.
You were very hungry.

You visited 1 branch of the dungeon, and saw 3 of its levels.

You collected 53 gold pieces.

Inventory:

Hand weapons
 b - a +2 blowgun
Missiles
 a - 2 curare-tipped needles
 n - 7 tomahawks (quivered)
Armour
 j - a +0 helmet (worn)
 s - a +0 ring mail (worn)
 t - a +1 pair of gloves (worn)
Jewellery
 o - a ring of protection from fire (left hand)
Scrolls
 e - a scroll of identify {unknown}
 g - a scroll of blinking {unknown}
 h - 2 scrolls of teleportation {unknown}
 k - a scroll of fear {unknown}
 l - a scroll of fog {unknown}
 p - a scroll of remove curse {unknown}
 u - a scroll of random uselessness {unknown}
Potions
 d - 4 potions of curing
 i - a potion of heal wounds {unknown}
 m - a potion of degeneration {unknown}
 q - 2 potions of mutation {unknown}
Comestibles
 c - 3 meat rations
 f - 2 bread rations
 r - 5 fruits
 v - a beef jerky


   Skills:
 - Level 4.3 Fighting
   Level 1.0 Short Blades
   Level 1.0 Maces & Flails
 - Level 1.0 Throwing
 - Level 1.1 Armour
 - Level 1.0 Dodging
 - Level 1.1 Stealth
 + Level 3.2 Unarmed Combat


You had 2 spell levels left.
You didn't know any spells.

Dungeon Overview and Level Annotations

Branches:
Dungeon (3/15)

Altars:
Fedhas
Okawaru
Qazlal

Annotations:
D:3 DunwichHorror's ghost, weakling HOGl


Innate Abilities, Weirdness & Mutations

You are resistant to torment.
Your stone body is resilient (AC +3).
You are immune to poison.
You resist negative energy.
You are resistant to electric shocks.
You can survive without breathing.
You are immune to petrification.
You are immune to rotting.


Message History

HP restored.
You climb downwards.
Level annotation: DunwichHorror's ghost, weakling HOGl The jelly closely misses you.
DunwichHorror's ghost hits you. The jelly barely misses you.
There is a stone staircase leading up here.
DunwichHorror's ghost hits you! The jelly barely misses you.
You climb upwards.
There is a stone staircase leading down here.
You hit the jelly but do no damage.
Your hands burn!
The jelly hits you but does no damage.
You barely miss the jelly. The jelly hits you but does no damage.
You hit the jelly.
Your hands burn!
* * * LOW HITPOINT WARNING * * *
The jelly is moderately wounded.
You completely miss the jelly.
The jelly is moderately wounded.
The jelly barely misses you.
You hit the jelly.
Your hands burn!
You die...

...<...#......#......##
.......#......#.#...##
.......#......#.#####
.......#......#.#
.............##.# ############
>.......####..#.# #..........#
..............#.# #..........#
.......#.####...###..........#
#####...........@J>..........#
>..##.#####.#.####...........#
#..#..# #...# ##.(........#
##.#.## ###.# #.....(....#
##....#######.### #..........#
###......#......###..........#
.##..###.........#############
...................#
#..................##


You could see a jelly.

Vanquished Creatures
  An ooze (D:2)
  A worm (D:3)
  A giant gecko (D:1)
  A ball python (D:2)
  3 giant cockroaches (D:1)
  3 goblins
  3 hobgoblins
  2 jackals (D:1)
  7 kobolds
  3 bats
  4 giant newts
  10 rats
39 creatures vanquished.

Notes
Turn   | Place    | Note
--------------------------------------------------------------
     0 | D:1      | Geeful the Gargoyle Wanderer began the quest for the Orb.
     0 | D:1      | Geeful set off with: 3 curare-tipped needles, a +2 blowgun, a +0 short sword, a potion of curing, a +0 robe, a bread ration, a !bad item (cl:100,ty:0,pl:0,pl2:0,sp:0,qu:0), a !bad item (cl:100,ty:0,pl:0,pl2:0,sp:0,qu:0), a !bad item (cl:100,ty:0,pl:0,pl2:0,sp:0,qu:0), a !bad item (cl:100,ty:0,pl:0,pl2:0,sp:0,qu:0), a !bad item (cl:100,ty:0,pl:0,pl2:0,sp:0,qu:0), a !bad item (cl:100,ty:0,pl:0,pl2:0,sp:0,qu:0), a !bad item (cl:100,ty:0,pl:0,pl2:0,sp:0,qu:0), a !bad item (cl:100,ty:0,pl:0,pl2:0,sp:0,qu:0), a !bad item (cl:100,ty:0,pl:0,pl2:0,sp:0,qu:0), a !bad item (cl:100,ty:0,pl:0,pl2:0,sp:0,qu:0), a !bad item (cl:100,ty:0,pl:0,pl2:0,sp:0,qu:0), a !bad item (cl:100,ty:0,pl:0,pl2:0,sp:0,qu:0), a !bad item (cl:100,ty:0,pl:0,pl2:0,sp:0,qu:0), a !bad item (cl:100,ty:0,pl:0,pl2:0,sp:0,qu:0), a !bad item (cl:100,ty:0,pl:0,pl2:0,sp:0,qu:0), a !bad item (cl:100,ty:0,pl:0,pl2:0,sp:0,qu:0), a !bad item (cl:100,ty:0,pl:0,pl2:0,sp:0,qu:0), a !bad item (cl:100,ty:0,pl:0,pl2:0,sp:0,qu:0), a !bad item (cl:100,ty:0,pl:0,pl2:0,sp:0,qu:0), a !bad item (cl:100,ty:0,pl:0,pl2:0,sp:0,qu:0), a !bad item (cl:100,ty:0,pl:0,pl2:0,sp:0,qu:0), a !bad item (cl:100,ty:0,pl:0,pl2:0,sp:0,qu:0), a !bad item (cl:100,ty:0,pl:0,pl2:0,sp:0,qu:0), a !bad item (cl:100,ty:0,pl:0,pl2:0,sp:0,qu:0), a !bad item (cl:100,ty:0,pl:0,pl2:0,sp:0,qu:0), a !bad item (cl:100,ty:0,pl:0,pl2:0,sp:0,qu:0), a !bad item (cl:100,ty:0,pl:0,pl2:0,sp:0,qu:0), a !bad item (cl:100,ty:0,pl:0,pl2:0,sp:0,qu:0), a !bad item (cl:100,ty:0,pl:0,pl2:0,sp:0,qu:0), a !bad item (cl:100,ty:0,pl:0,pl2:0,sp:0,qu:0), a !bad item (cl:100,ty:0,pl:0,pl2:0,sp:0,qu:0), a !bad item (cl:100,ty:0,pl:0,pl2:0,sp:0,qu:0), a !bad item (cl:100,ty:0,pl:0,pl2:0,sp:0,qu:0), a !bad item (cl:100,ty:0,pl:0,pl2:0,sp:0,qu:0), a !bad item (cl:100,ty:0,pl:0,pl2:0,sp:0,qu:0), a !bad item (cl:100,ty:0,pl:0,pl2:0,sp:0,qu:0), a !bad item (cl:100,ty:0,pl:0,pl2:0,sp:0,qu:0), a !bad item (cl:100,ty:0,pl:0,pl2:0,sp:0,qu:0), a !bad item (cl:100,ty:0,pl:0,pl2:0,sp:0,qu:0), a !bad item (cl:100,ty:0,pl:0,pl2:0,sp:0,qu:0), a !bad item (cl:100,ty:0,pl:0,pl2:0,sp:0,qu:0), a !bad item (cl:100,ty:0,pl:0,pl2:0,sp:0,qu:0), a !bad item (cl:100,ty:0,pl:0,pl2:0,sp:0,qu:0), a !bad item (cl:100,ty:0,pl:0,pl2:0,sp:0,qu:0), a !bad item (cl:100,ty:0,pl:0,pl2:0,sp:0,qu:0), a !bad item (cl:100,ty:0,pl:0,pl2:0,sp:0,qu:0)
     0 | D:1      | Reached XP level 1. HP: 16/16 MP: 1/1
   193 | D:1      | Reached skill level 1 in Unarmed Combat
   387 | D:1      | Reached XP level 2. HP: 18/20 MP: 2/2
   961 | D:1      | Reached XP level 3. HP: 22/24 MP: 3/3
  1351 | D:2      | Found an iron altar of Okawaru.
  1625 | D:2      | Noticed an air elemental
  1627 | D:2      | Found a stormy altar of Qazlal.
  1628 | D:2      | Noticed a water elemental
  1628 | D:2      | Noticed a fire elemental
  1628 | D:2      | Noticed an earth elemental
  1633 | D:2      | Became a worshipper of Qazlal Stormbringer
  1769 | D:2      | Found a blossoming altar of Fedhas.
  1904 | D:3      | Noticed DunwichHorror's ghost (weakling HOGl)
  2194 | D:2      | Splashed by a jelly's acid

Vault maps used:
D:1:      lightli_arrival_noodles, minmay_misc_feat_columns
D:2:      fedhas_altar_fruit_tree, okawaru_ov_weapons_minmay,
          nicolae_qazlal_style_of_elements
D:3:      gammafunk_temple_overflow_wave, first_bread, uniq_robin, uniq_iyjb,
          uniq_terence

Action                   || total
-------------------------++-------
Melee: Unarmed           ||   221
 Fire: Blowgun           ||     2
 Stab: Sleeping          ||     2
  Eat: Chunk             ||     3
